AoeStats
← The Bear Jew

Arabia

508022604Analyzed
1v1 RM · 12d ago on Sep 20, 2026· 34m 7s· 2 players
Game mode
Random Map
Map size
Tiny (2 player)
Population
200
Speed
Normal
Resources
Standard
Victory
Conquest
Starting age
Dark Age
Ending age
Imperial Age
RankedLock teamsTeams togetherTeam positionsShared explorationLock speedFull tech treeHidden civsTurbo modeCheats
Victory
Defeat
🇪🇸 Georgians · Spain
1017
+15
🇪🇸 Teutons · Spain
990
-15
The Bear Jew
2:07 Loom
12:41 Feudal Age
13:12 Double-Bit Axe
13:11 Horse Collar
23:43 Castle Age
24:20 Scale Mail Armor
24:33 Forging
24:31 Squires
23:52 Pikeman
25:07 Arson
25:23 Stone Mining
25:24 Gold Mining
31:34 Fletching
JavierU
6:13 Loom
8:14 Feudal Age
14:37 Bloodlines
19:33 Scale Barding Armor
22:32 Castle Age
20:44 Double-Bit Axe
21:37 Forging
22:37 Horse Collar
23:47 Bow Saw
26:29 Gold Mining
26:41 Heavy Plow
27:44 Chain Barding Armor
27:28 Husbandry
31:25 Iron Casting
Connection lost

Rejoining the realm…

Still unreachable

The connection could not be restored.

Session expired

The server has moved on; the page needs a fresh start.